Map: Blueshift LE

Players

guyincognito

  • Race: Protoss Protoss
  • League: Gold
  • Spawn Location: 7:00

Mesrob - Winner!

  • Race: Terran Terran
  • League: Gold
  • Spawn Location: 1:00

VOD

Have the link to the VOD?

Description

Time

  • Played on: Jan. 12, 2019, 1:40 p.m.
  • Length: 2:42
Show
View Real Time Build Order
Export as new Build Order

guyincognito Protoss 

Build Orders:  

Get SALT Encoding   

Show
View Real Time Build Order
Export as new Build Order

Mesrob Terran - Winner!

Build Orders:  

Get SALT Encoding   

  12  0:00  SCV  
  13  0:13  SCV  
  14  0:17  Supply Depot  
  14  0:25  SCV  
  15  0:38  SCV  
  15  0:40  Barracks  
  16  0:48  Refinery  
  16  0:50  SCV  
  17  1:02  SCV  
  18  1:15  SCV  
  19  1:29  Orbital Command  
  19  1:36  Command Center  
  19  1:39  Marine  
  20  1:55  Bunker  
  20  2:04  SCV  
  21  2:13  Factory  
  22  2:16  SCV  
  22  2:24  Barracks Tech Lab  
  22  2:28  SCV  
  23  2:32  Supply Depot  
Tags
 
League
GoldGold
Matchup
PvT
Replay Pack
sc2 replays
Spawn Locations
Cross Positions
Add a new tag
Caveats
  • Supply blocks, unpowered buildings, or Contaminate may cause inaccurate times.
  • Supply counts are checked every 10 seconds.